 Dungeon Crawl Stone Soup version 0.26.1-11-gd32895ea62 (webtiles) character file.

Game seed: 9715476487695699420

394 MisterFreud the Ruffian (level 6, -10/59 HPs)
             Began as a Troll Monk on May 5, 2021.
             Killed from afar by Ijyb (14 damage)
             ... with a bolt of acid
             ... on level 4 of the Dungeon.
             The game lasted 00:02:44 (2384 turns).

MisterFreud the Ruffian (Troll Monk)                Turns: 2384, Time: 00:02:45

Health: -10/59     AC: -2    Str: 20    XL:     6   Next: 52%
Magic:  5/5        EV: 10    Int:  6    God:
Gold:   232        SH:  0    Dex: 14    Spells: 5/5 levels left

rFire    . . .     SeeInvis .     - Unarmed
rCold    . . .     Faith    .   (no shield)
rNeg     . . .     Spirit   .   a - +0 robe
rPois    .         Reflect  .   (helmet restricted)
rElec    .         Harm     .   (no cloak)
rCorr    .         Rampage  .   (gloves unavailable)
Will     .....                  (boots unavailable)
Stlth    ++........             (no amulet)
HPRegen  0.59/turn              (no ring)
MPRegen  0.09/turn              (no ring)

@: corroded
A: large, unfitting armour, claws 3, regeneration 1, shaggy fur 1, tough skin 3
a: no special abilities


You were on level 4 of the Dungeon.
You visited 1 branch of the dungeon, and saw 4 of its levels.

You collected 232 gold pieces.

Inventory:

Armour
 a - a +0 robe (worn)
Jewellery
 h - an uncursed ring of flight
Scrolls
 b - 2 scrolls of remove curse
Potions
 c - a potion of magic
 d - 2 potions of curing
 e - a potion of flight
 g - a potion of haste
 j - a potion of heal wounds {unknown}
 k - 2 potions of ambrosia {unknown}
 l - 2 potions of attraction
 o - 2 potions of might {unknown}


   Skills:
 - Level 2.4 Fighting
 - Level 2.4 Dodging
 - Level 1.0 Stealth
 + Level 7.4 Unarmed Combat


You had 5 spell levels left.
You didn't know any spells.
Your spell library was empty.

Dungeon Overview and Level Annotations

Branches:
Dungeon (4/15)
 Temple: D:4-7

Altars:
Ru
Zin

Annotations:
D:3 1 runed translucent door
D:4 Ijyb


Innate Abilities, Weirdness & Mutations

You are too large for most types of armour.
You have claws for hands.
Your natural rate of healing is unusually fast.
You are covered in fur. (AC +1)
You have extremely tough skin. (AC +3)


Message History

You scratch Ijyb but do no damage.
Ijyb zaps a wand.
The bolt of acid hits you! The acid corrodes you!
You are splashed with acid!
You scratch Ijyb but do no damage.
Ijyb zaps a wand.
The bolt of acid hits you!!
* * * LOW HITPOINT WARNING * * *
The acid corrodes you!
You are splashed with acid!
* * * LOW HITPOINT WARNING * * *
You claw Ijyb!
Ijyb is heavily wounded.
Ijyb hits you.
* * * LOW HITPOINT WARNING * * *
You closely miss Ijyb.
Ijyb is heavily wounded.
Ijyb completely misses you.
You scratch Ijyb but do no damage.
Ijyb is heavily wounded.
You scratch Ijyb but do no damage.
Ijyb is heavily wounded.
Ijyb zaps a wand.
The bolt of acid hits you!
You die...

#...# #.$.#
#...# # #.$.#
###.##...##
.......$..#
#....# #....# #.
#.#@## #.##.#g#
#.##.#.#
#.##.#.#
#.##.#.#
#.##.#.#
#######.##.#.#
...........#.#
#######.####.###


You could see Ijyb.

Vanquished Creatures
  Sigmund (D:2)
  An ogre (D:3)
  A scorpion (D:3)
  A worker ant (D:3)
  2 adders (D:2)
  An ooze (D:3)
  2 worms (D:2)
  An orc (D:3)
  9 bats
  A giant cockroach (D:2)
  6 goblins
  8 hobgoblins
  6 kobolds
  4 ball pythons
  3 frilled lizards
  A leopard gecko skeleton (D:3)
  13 rats
61 creatures vanquished.

Notes
Turn   | Place    | Note
-------+----------+-------------------------------------------
     0 | D:1      | MisterFreud the Troll Monk began the quest for the Orb.
     0 | D:1      | Reached XP level 1. HP: 22/22 MP: 0/0
   213 | D:1      | Reached XP level 2. HP: 29/29 MP: 1/1
   473 | D:1      | Reached skill level 4 in Unarmed Combat
   836 | D:1      | Reached XP level 3. HP: 36/36 MP: 2/2
  1245 | D:2      | Reached XP level 4. HP: 26/44 MP: 3/3
  1333 | D:2      | Reached skill level 5 in Unarmed Combat
  1415 | D:2      | Found a sacrificial altar of Ru.
  1488 | D:2      | Noticed Sigmund
  1503 | D:2      | Killed Sigmund
  1504 | D:2      | Reached skill level 6 in Unarmed Combat
  1504 | D:2      | Reached XP level 5. HP: 26/50 MP: 4/4
  1638 | D:3      | Reached XP level 6. HP: 59/59 MP: 5/5
  1710 | D:3      | Reached skill level 7 in Unarmed Combat
  1976 | D:3      | Found a glowing silver altar of Zin.
  1976 | D:3      | Noticed an angel
  1977 | D:3      | Found a runed translucent door.
  2373 | D:4      | Noticed Ijyb
  2381 | D:4      | HP: 2/59 [Ijyb (2)]
  2384 | D:4      | Killed from afar by Ijyb

Illustrated notes

Levels and vault maps discovered:
D:1:      dpeg_arrival_ratfight, layout_loops_corners,
          chequers_serial_rivers_micro_c
D:2:      layout_rooms, nicolae_ru_the_path_less_chosen,
          hangedman_abyss_or_decor_lesser_grid, uniq_sigmund
D:3:      layout_loops_corners, serial_glass, glass_columns_b, glass_columns_b,
          glass_columns_b, glass_columns_b, glass_columns_a, glass_columns_a,
          glass_columns_b, glass_columns_b, fountainhead, lemuel_angel_altar
D:4:      layout_basic, grunt_gozag_breadcrumbs, chequers_ossuary_entry_cave,
          uniq_crazy_yiuf_cottage, uniq_ijyb

Skill      XL: |  1  2  3  4  5  6 |
---------------+-------------------+-----
Unarmed Combat | 4 6 7 |  7.4
Fighting       | |  2.4
Dodging        | |  2.4
Stealth        | |  1.0

Action                   |  1- 3 |  4- 6 || total
-------------------------+-------+-------++-------
Melee: Unarmed           |   118 |    69 ||   187
       Punch             |       |     2 ||     2
  Use: Scroll            |       |    11 ||    11
 Stab: Sleeping          |       |     2 ||     2
Armor: Robe              |    41 |    16 ||    57
Dodge: Dodged            |    41 |    22 ||    63
